 Dungeon Crawl Stone Soup version 0.21-a0-578-gc6e9d75 (webtiles) character file.

709 M4edhros the Shield-Bearer (level 8, 0/58 HPs)
             Began as a Formicid Abyssal Knight on Dec 18, 2017.
             Was a Believer of Lugonu.
             Succumbed to a scorpion's poison
             ... on level 4 of the Dungeon.
             The game lasted 00:09:07 (3969 turns).

M4edhros the Shield-Bearer (FoAK)                   Turns: 3969, Time: 00:09:08

Health: 0/58       AC:  7    Str: 17    XL:     8   Next: 0%
Magic:  11/11      EV:  7    Int: 12    God:    Lugonu [**....]
Gold:   225        SH: 15    Dex: 12    Spells: 7/7 levels left

rFire    . . .     SeeInvis +   k - +0 halberd
rCold    . . .     Gourm    .   d - +0 large shield
rNeg     . . .     Faith    .   t - +0 scale mail
rPois    .         Spirit   .   (helmet unavailable)
rElec    .         Reflect  .   (no cloak)
rCorr    .         Harm     .   r - +0 pair of gloves
MR       .....                  (no boots)
Stlth    ..........             (no amulet)
HPRegen  0.19/turn              (no ring)
MPRegen  0.12/turn              (no ring)

@: lethally poisoned (0 -> -5)
A: permanent stasis, dig shafts and tunnels, four strong arms, antennae 3
a: Dig, Shaft Self, Depart the Abyss, Bend Space, Renounce Religion


You were on level 4 of the Dungeon.
You worshipped Lugonu.
Lugonu was pleased with you.
You were very hungry.

You visited 1 branch of the dungeon, and saw 4 of its levels.
You visited the Abyss 1 time.

You collected 225 gold pieces.

Inventory:

Hand Weapons
 a - a +1 spear
 k - a +0 halberd (weapon)
Missiles
 e - 37 sling bullets
 f - 149 stones (quivered)
 i - 75 arrows
Armour
 b - a +0 leather armour
 d - a +0 large shield (worn)
 q - a +0 ring mail
 r - a +0 pair of gloves (worn)
 t - a +0 scale mail (worn)
 v - a +0 pair of boots
Scrolls
 g - 4 scrolls of teleportation {unknown}
 h - 3 scrolls of remove curse {unknown}
 j - a scroll of fear {unknown}
 l - a scroll of fog {unknown}
 m - a scroll of immolation {unknown}
 o - 3 scrolls of amnesia {unknown}
 p - a scroll of enchant weapon {unknown}
 s - 4 scrolls of identify {unknown}
 u - a scroll of blinking {unknown}
Books
 n - a book of Changes

   Spells                             Type                      Level
   a - Beastly Appendage              Transmutation                1
   b - Sticks to Snakes               Transmutation                2
   c - Spider Form                    Transmutation/Poison         3
   d - Ice Form                       Ice/Transmutation            4
   e - Blade Hands                    Transmutation                5
Comestibles
 c - 6 rations


   Skills:
 - Level 3.2 Fighting
 + Level 4.5 Polearms
 * Level 2.1 Armour
 - Level 0.8 Dodging
 * Level 7.0 Shields
 + Level 4.9 Invocations


You had 7 spell levels left.
You didn't know any spells.

Dungeon Overview and Level Annotations

Branches:
Dungeon (4/15)
 Temple: D:4-7

Altars:
Trog
Wu Jian
Xom
Yredelemnul


Innate Abilities, Weirdness & Mutations

You cannot be hasted, slowed, berserked, paralysed or teleported.
You can dig through walls and to a lower floor.
Your four strong arms can wield two-handed weapons with a shield.
You have a pair of large antennae on your head. (SInv)


Message History

You feel sick.
* * * LOW HITPOINT WARNING * * *
You feel sick.
* * * LOW HITPOINT WARNING * * *
You feel sick.
* * * LOW HITPOINT WARNING * * *
You feel sick.
* * * LOW HITPOINT WARNING * * *
You feel sick.
* * * LOW HITPOINT WARNING * * *
You feel sick.
* * * LOW HITPOINT WARNING * * *
You feel sick.
* * * LOW HITPOINT WARNING * * *
You feel sick.
* * * LOW HITPOINT WARNING * * *
You feel sick.
* * * LOW HITPOINT WARNING * * *
You feel sick.
You die...

#.. ..# ##.## # #.# #.###.#.# ###
# #.# #.##.#### ##.# ###.##
#.##.# #)########
.....###.##.###########.#.....###
>.............................'..
.##..####################.....##.
..........#################.####†
................@.s..............
####.##.#############......###...
####.##.# #......# #... #......#
#......###...
#.#.##.#############........#...
#.##..............##........#...
#........(........##....[.......
####.......[......##..........#.
#####.#'####.......##....<.....#.


You could see a scorpion.

Vanquished Creatures
  3 ogres
  A scorpion (D:4)
  A howler monkey (D:4)
  A gnoll shaman (D:4)
  A bullfrog skeleton (D:4)
  Terence (D:2)
  4 worker ants
  3 gnolls (D:4)
  5 adders (D:3)
  An ooze (D:2)
  3 adder skeletons (D:4)
  3 worms
  2 dart slugs
  The ghost of 4thArraOfDagon the Firebug, a weakling VSFE (D:4)
  3 leopard geckos
  12 bats
  6 giant cockroaches
  13 goblins
  6 hobgoblins
  2 quokkas
  4 frilled lizards
  8 kobolds
  6 rats
90 creatures vanquished.

Notes
Turn   | Place    | Note
-------+----------+-------------------------------------------
     0 | Abyss:1  | M4edhros the Formicid Abyssal Knight began the quest for the Orb.
     0 | Abyss:1  | Reached XP level 1. HP: 18/18 MP: 2/2
    70 | Abyss:1  | Noticed a smoke demon
    72 | D:1      | Escaped the Abyss
    98 | D:1      | Reached * piety under Lugonu
   111 | D:1      | Reached skill level 1 in Shields
   122 | D:1      | Reached XP level 2. HP: 19/24 MP: 3/3
   176 | D:1      | Reached skill level 2 in Shields
   376 | D:1      | Reached XP level 3. HP: 3/29 MP: 4/4
   378 | D:1      | HP: 1/29 [kobold (3)]
  1040 | D:2      | Reached skill level 3 in Shields
  1101 | D:2      | Found a basalt altar of Yredelemnul.
  1292 | D:2      | Reached XP level 4. HP: 30/35 MP: 5/5
  1414 | D:2      | Found an ornate altar of the Wu Jian Council.
  1545 | D:2      | Reached ** piety under Lugonu
  1701 | D:2      | Found a bloodstained altar of Trog.
  1728 | D:2      | Noticed Terence
  1740 | D:2      | Killed Terence
  2008 | D:3      | Reached XP level 5. HP: 41/41 MP: 7/7
  2024 | D:3      | Reached skill level 4 in Shields
  2225 | D:3      | Found a shimmering altar of Xom.
  2438 | D:3      | HP: 3/61 [poisoned by an adder]
  2446 | D:3      | HP: 3/61 [poisoned by an adder]
  2854 | D:4      | Noticed an ogre
  2981 | D:4      | Noticed an ogre
  2981 | D:4      | Noticed an ogre
  2997 | D:3      | Killed an ogre
  2997 | D:3      | Reached skill level 5 in Shields
  2997 | D:3      | Reached XP level 6. HP: 47/47 MP: 8/8
  3012 | D:3      | Killed an ogre
  3022 | D:4      | Noticed 4thArraOfDagon's ghost (weakling VSFE)
  3028 | D:4      | Killed 4thArraOfDagon's ghost
  3037 | D:4      | Reached XP level 7. HP: 41/52 MP: 10/10
  3102 | D:4      | Reached skill level 6 in Shields
  3866 | D:4      | Reached skill level 7 in Shields
  3866 | D:4      | Reached XP level 8. HP: 37/58 MP: 11/11
  3965 | D:4      | HP: 2/58 [poisoned by a scorpion]
  3969 | D:4      | Succumbed to a scorpion's poison

Vault maps used:
D:1:      lemuel_arrival_river_bridge, serial_bayou_lagoon_a,
          serial_park_tiny_1, minmay_octomino_c4
D:2:      lemuel_crystal_altar, lemuel_coloured_pillars_altar,
          lemuel_round_altar, first_ration, columned_hall_lemuel, uniq_terence
D:3:      lemuel_doored_altar
D:4:      grunt_temple_overflow_forces_of_nature, old_standard_altar

Skill      XL: |  1  2  3  4  5  6  7 |
---------------+----------------------+-----
Shields        | 1 2 3 5 7 |  7.0
Polearms       | 3 4 |  4.5
Invocations    | 3 4 |  4.9
Fighting       | |  3.2
Armour         | |  2.1
Dodging        | |  0.8

Action                   |  1- 3 |  4- 6 |  7- 9 || total
-------------------------+-------+-------+-------++-------
Melee: Spear             |   156 |   182 |   124 ||   462
       Halberd           |       |       |    54 ||    54
Invok: Depart the Abyss  |     1 |       |       ||     1
 Abil: Dig               |       |       |     3 ||     3
  Use: Potion            |       |     3 |     2 ||     5
 Stab: Invisible         |       |       |     5 ||     5
  Eat: Chunk             |     1 |     6 |     3 ||    10
Armor: Leather armour    |    35 |       |       ||    35
       Ring mail         |     4 |    11 |       ||    15
       Scale mail        |       |    45 |    30 ||    75
       Skin              |       |     6 |       ||     6
Dodge: Dodged            |    33 |    28 |    23 ||    84
Block: Large shield      |    89 |   118 |   132 ||   339

Table legend:
 A = Spawn XP
 B = Non-spawn XP
 C = Spawn XP percentage of total XP
 D = Spawn monster count
 E = Non-spawn monster count
 F = Spawn count percentage of total count
 G = Total turns spent on level
                    A         B        C        D         E        F      G
               +---------+---------+-------+---------+---------+-------+---------
         Total |       0 |    1014 |   0.0 |       0 |      90 |   0.0 |  3969
               +---------+---------+-------+---------+---------+-------+---------
           D:1 |       0 |      51 |   0.0 |       0 |      30 |   0.0 |   927
           D:2 |       0 |      77 |   0.0 |       0 |      18 |   0.0 |   967
           D:3 |       0 |     381 |   0.0 |       0 |      24 |   0.0 |  1039
           D:4 |       0 |     505 |   0.0 |       0 |      18 |   0.0 |   964
               +---------+---------+-------+---------+---------+-------+---------
